AoeStats
← aaron05148834

MegaRandom

504720671Analyzed
1v1 RM · 25d ago on Sep 6, 2026· 48m 30s· 2 players
Game mode
Random Map
Map size
Tiny (2 player)
Population
200
Speed
Normal
Resources
Standard
Victory
Conquest
Starting age
Dark Age
Ending age
Imperial Age
RankedLock teamsTeams togetherTeam positionsShared explorationLock speedFull tech treeHidden civsTurbo modeCheats
Victory
Defeat
🇨🇦 Huns · Canada
611
+11
🇺🇸 Burgundians · United States
499
-13
aaron05148834
1:48 Loom
8:56 Wheelbarrow
12:03 Feudal Age
14:37 Horse Collar
14:57 Double-Bit Axe
22:43 Castle Age
21:28 Forging
23:52 Fletching
26:21 Bodkin Arrow
28:25 Medium Warships
30:20 Heavy Plow
31:17 Hand Cart
30:50 Town Watch
31:51 Clinker Construction
35:34 Imperial Age
37:31 Chemistry
42:42 Careening
42:28 Murder Holes
Xeno
6:18 Loom
10:30 Feudal Age
12:11 Double-Bit Axe
12:16 Horse Collar
18:36 Castle Age
20:13 Heavy Plow
20:26 Bow Saw
24:52 Fletching
25:33 Masonry
27:14 Murder Holes
27:42 Ballistics
31:53 Imperial Age
29:30 Pikeman
30:11 Squires
29:56 Arson
29:43 Elite Skirmisher
30:40 Thumb Ring
32:54 Conscription
32:21 Halberdier
33:39 Bloodlines
33:35 Husbandry
33:06 Light Cavalry
35:51 Chemistry
34:57 Bodkin Arrow
36:46 Bracer
36:47 Padded Archer Armor
38:25 Wheelbarrow
41:33 Leather Archer Armor
41:30 Forging
41:20 Scale Mail Armor
41:37 Hand Cart
41:08 Town Watch
Connection lost

Rejoining the realm…

Still unreachable

The connection could not be restored.

Session expired

The server has moved on; the page needs a fresh start.